 Dungeon Crawl Stone Soup version 0.28.0-53-g5a82cb258f (webtiles) character file.

Game seed: 11835431902694908151

8484 SanguineChosen the Basher (level 11, -19/102 HPs)
             Began as a Gargoyle Fighter on July 1, 2022.
             Demolished by an orc warrior
             ... wielding a +0 glaive
              (22 damage)
             ... in a bailey.
             The game lasted 00:57:18 (10517 turns).

SanguineChosen the Basher (Gargoyle Fighter)       Turns: 10517, Time: 00:57:18

Health: -19/102    AC: 36    Str: 29 (30) XL:     11   Next: 31%
Magic:  10/11      EV:  2    Int:  7 (9)  God:
Gold:   258        SH:  5    Dex:  8 (9)  Spells: 10/10 levels left

rFire   . . .      SeeInvis .   t - +3 dire flail (protect)
rCold   . . .      Faith    .   (shield currently unavailable)
rNeg    + . .      Spirit   .   (armour currently unavailable)
rPois   ∞          Reflect  +   (helmet currently unavailable)
rElec   .          Harm     .   (cloak currently unavailable)
rCorr   .          Rampage  .   (gloves currently unavailable)
Will    .....      NoTele   +   (boots currently unavailable)
Stlth   ++........              o - amulet of reflection
HPRegen 0.27/turn               F - +4 ring of protection
MPRegen 0.12/turn               z - +6 ring of strength

@: mighty, tree-form, under a protective aura
A: stationary, stasis, torment immunity, boosted hp, sickness immunity, AC +8,
negative energy resistance 1, (electricity resistance), torment resistance 1,
petrification resistance, (talons 1), deterioration 1, MP-powered wands
a: no special abilities


You were in a bailey.
You were a tree.
You visited 1 branch of the dungeon, and saw 9 of its levels.
You also visited: Ossuary and Bailey.

You collected 524 gold pieces.
You spent 266 gold pieces at shops.

Inventory:

Hand Weapons
 a - a +0 flail
 d - a +1 flail of protection
 h - a +2 dagger of holy wrath
 s - a +4 quarterstaff of chaos
 t - a +3 dire flail of protection (weapon)
 K - a +5 hand axe
Missiles
 m - 21 poisoned darts (quivered)
Armour
 b - a +0 scale mail (melded)
 c - a +0 buckler
 n - a +0 pair of gloves
 y - the +0 pair of gloves of the Pink Corner (melded) {-Cast rF+ rN+ Will++}
   (You bought it in a shop on level 1 of the Dungeon)

   rF:        It protects you from fire.
   rN:        It protects you from negative energy.
   -Cast:     It prevents spellcasting.
   Will:      It greatly increases your willpower.
Jewellery
 e - a +4 ring of evasion
 o - an amulet of reflection (around neck)
 v - an amulet of guardian spirit
 z - a +6 ring of strength (right branch)
 F - a +4 ring of protection (left branch)
 H - a +6 ring of dexterity
 J - a +4 ring of evasion
Wands
 f - a wand of digging (7)
 E - a wand of flame (24)
Scrolls
 i - 8 scrolls of teleportation
 j - 2 scrolls of fog
 q - 2 scrolls of amnesia {unknown}
 u - a scroll of magic mapping {unknown}
 A - 3 scrolls of blinking {unknown}
 C - a scroll of torment {unknown}
 D - a scroll of acquirement {unknown}
 I - 2 scrolls of identify
Potions
 k - 2 potions of brilliance {unknown}
 l - a potion of lignification
 p - 3 potions of curing
 r - 2 potions of cancellation
 w - a potion of resistance
 B - a potion of flight {unknown}
 G - a potion of magic {unknown}


   Skills:
 + Level 8.2 Fighting
 + Level 11.6 Maces & Flails
 + Level 1.9 Throwing
 * Level 9.0 Armour
 - Level 3.9 Dodging
 + Level 2.0 Stealth
 * Level 6.9 Shields


You had 10 spell levels left.
You didn't know any spells.
Your spell library contained the following spells:

 Spells                   Type           Power      Damage    Failure   Level
 Animate Skeleton         Necr           0%         N/A       43%         1
 Pain                     Necr           0%         1d4       43%         1
 Call Canine Familiar     Summ           0%         N/A       80%         3
 Inner Flame              Hex/Fire       0%         N/A       80%         3
 Portal Projectile        Hex/Tloc       0%         N/A       80%         3
 Vampiric Draining        Necr           0%         2d6       80%         3
 Cause Fear               Hex            0%         N/A       99%         4
 Hailstorm                Conj/Ice       0%         3d3       99%         4
 Ice Form                 Ice/Tmut       0%         N/A       99%         4
 Leda's Liquefaction      Hex/Erth       0%         N/A       99%         4
 Simulacrum               Ice/Necr       0%         N/A       100%        6
 Discord                  Hex            0%         N/A       100%        8


Dungeon Overview and Level Annotations

Branches:
Dungeon (9/15)             Temple (0/1) D:5            Lair (0/6) D:9
    Orc (0/2) D:9         Ossuary (visited)          Bailey (1/1)

Altars:
Cheibriados
The Shining One

Shops:
D:1 [


Innate Abilities, Weirdness & Mutations

You are a tree.
Your roots penetrate the ground, keeping you stationary.
You cannot be teleported.
You are immune to unholy pain and torment.
Your maximum health is greatly increased.
Your equipment is partially melded.
You are immune to sickness and miasma.
((Your stone body is resilient. (AC +8)))
You are immune to poison.
You resist negative energy. (rN+)
((You are resistant to electric shocks. (rElec)))
You are resistant to unholy torment.
You are immune to petrification.
((You have sharp toenails.))
Your body sometimes deteriorates upon taking damage.
You expend magic power (3 MP) to strengthen your wands.


Message History

* * * LOW HITPOINT WARNING * * *
The orc warrior hits you from afar with a +0 trident.
* * * LOW HITPOINT WARNING * * *
The orc warrior hits you with a +0 glaive!
* * * LOW HITPOINT WARNING * * *
Your body deteriorates!
You feel weakened. The orc closely misses you.
You closely miss the orc warrior. The orc warrior barely misses you.
You feel much better.
The orc warrior hits you with a +0 glaive.
The orc hits you from afar with a +0 trident.
The orc knight hits you with a +0 glaive!
* * * LOW HITPOINT WARNING * * *
You block the orc warrior's attack.
Really quaff the potion of lignification?
Uppercase [Y]es or [N]o only, please.
Really quaff the potion of lignification?
You turn into a tree.
The +0 pair of gloves of the Pink Corner {-Cast rF+ rN+ Will++} melds into your body.
Your +0 scale mail melds into your body.
Your roots penetrate the ground.
The orc no longer looks unusually strong.
The orc warrior hits you but does no damage.
The orc barely misses you.
The orc knight roars a battlecry!
The orc goes into a battle-frenzy!
You block the orc warrior's attack.
You impale the orc knight!!
Your weapon exudes an aura of protection.
The orc knight is almost dead.
The orc warrior hits you but does no damage.
The orc hits you but does no damage.
The orc knight hits you but does no damage.
The orc warrior barely misses you.
You puncture the orc knight!
You kill the orc knight!
The orc hits you from afar with a +0 trident!
* * * LOW HITPOINT WARNING * * *
The orc warrior hits you with a +0 glaive!!
You die...

#..# ##..# #..#. .#..#
#..#. .#..# #..# #..#
#..# #..# #..# #o.#
#..########♣.#
##...8...)8.).##
#..)).....oo)..###
♣♣♣♣#..####''####.$#.##
≈≈..####........####..#
≈≈≈...................#
≈≈≈≈............♣....♣#
≈≈≈≈≈≈...#....#...♣♣♣♣
≈≈≈≈≈≈≈≈≈#....#≈≈≈≈≈♣


You could see 2 orc warriors and an orc (strong).

Vanquished Creatures
  Harold (D:7)
  A skeletal warrior (D:6)
  Pikel (D:5)
  The ghost of SpoonFarmer the Skirmisher, a novice DrCj (D:5)
  An orc knight (Bailey)
  A hornet (D:8)
  A wraith (D:9)
  A steam dragon (D:8)
  2 wargs (D:9)
  Edmund (D:6)
  3 water moccasins
  2 black bears (D:5)
  9 orc warriors
  2 sky beasts (D:6)
  2 ice beasts (D:7)
  A centaur (D:9)
  A phantom (D:5)
  7 ogres
  A kobold brigand (D:8)
  4 elf zombies (Ossuary)
  2 gnoll sergeants
  2 scorpions (D:5)
  A wyvern zombie (D:9)
  A water moccasin skeleton (D:6)
  9 wights (D:9)
  3 howler monkeys
  3 centaur zombies
  2 centaur skeletons (D:7)
  2 hounds (D:6)
  6 human zombies (Ossuary)
  Crazy Yiuf (D:6)
  A gnoll shaman (D:8)
  12 orc priests
  2 jellies
  A bullfrog skeleton (D:6)
  4 iguanas
  10 orc wizards
  3 killer bee zombies
  A hound skeleton (D:5)
  3 mummies (Ossuary)
  A howler monkey zombie (D:9)
  14 gnolls
  6 adders
  2 white imps
  An ufetubus (D:5)
  3 worms
  2 dart slugs
  47 orcs
  4 ball pythons
  An endoplasm (D:1)
  4 giant cockroaches
  7 goblins
  5 hobgoblins
  4 jackals (D:3)
  4 quokkas
  5 bats
  2 frilled lizards
  30 kobolds
  3 rats
257 creatures vanquished.

Vanquished Creatures (others)
  An orc wizard (D:4)
  16 plants (D:8)
  2 withered plants (D:5)
19 creatures vanquished.

Grand Total: 276 creatures vanquished

Notes
Turn   | Place    | Note
-------+----------+-------------------------------------------
     0 | D:1      | SanguineChosen the Gargoyle Fighter began the quest for the
                  | Orb.
     0 | D:1      | Reached XP level 1. HP: 14/14 MP: 1/1
    10 | D:1      | Found Eloggat's Antique Armour Emporium.
   273 | D:1      | Reached XP level 2. HP: 19/19 MP: 2/2
   528 | D:2      | You fall into a shaft and drop 2 floors!
   528 | D:4      | Noticed an ogre
   532 | D:4      | Noticed an ogre
   559 | D:3      | Reached XP level 3. HP: 23/23 MP: 3/3
   685 | D:3      | Gained mutation: Your body sometimes deteriorates upon
                  | taking damage. [potion of mutation]
   685 | D:3      | Gained mutation: You expend magic power (3 MP) to
                  | strengthen your wands. [potion of mutation]
   685 | D:3      | Gained mutation: You have sharp toenails. [potion of
                  | mutation]
   689 | D:3      | Reached XP level 4. HP: 8/29 MP: 4/4
  1198 | D:2      | Found a faded altar of an unknown god.
  1262 | D:2      | Identified the +0 leather armour of the Planets {rPois rN+
                  | Int-2}
  1457 | D:2      | Reached skill level 3 in Maces & Flails
  1777 | D:3      | Reached XP level 5. HP: 30/33 MP: 5/5
  1962 | D:4      | Noticed an ogre
  2110 | D:4      | Killed an ogre
  2111 | D:4      | Reached skill level 1 in Dodging
  2313 | D:4      | Killed an ogre
  2314 | D:4      | Reached skill level 4 in Maces & Flails
  2314 | D:4      | Reached skill level 5 in Armour
  2314 | D:4      | Reached XP level 6. HP: 30/38 MP: 6/6
  2890 | D:4      | Reached XP level 7. HP: 15/43 MP: 7/7
  3581 | D:4      | Found a glowing golden altar of the Shining One.
  3778 | D:5      | Entered Level 5 of the Dungeon
  3813 | D:5      | Reached skill level 5 in Maces & Flails
  3992 | D:5      | Reached XP level 8. HP: 48/48 MP: 8/8
  4184 | D:5      | Reached skill level 1 in Throwing
  4242 | D:5      | Reached skill level 6 in Maces & Flails
  4242 | D:5      | Reached skill level 1 in Stealth
  4427 | D:5      | Reached skill level 5 in Fighting
  4560 | D:5      | Found a runed translucent door.
  4561 | D:5      | Noticed SpoonFarmer's ghost (novice DrCj)
  4602 | D:5      | Found a staircase to the Ecumenical Temple.
  4813 | D:5      | Noticed Pikel
  4842 | D:5      | Killed Pikel
  4843 | D:5      | Reached skill level 7 in Maces & Flails
  4843 | D:5      | Reached skill level 5 in Shields
  4843 | D:5      | Reached XP level 9. HP: 48/55 MP: 9/9
  5212 | D:5      | Killed SpoonFarmer's ghost
  5606 | D:6      | Reached skill level 8 in Maces & Flails
  5895 | D:6      | Found a sand-covered staircase.
  5904 | Ossuary  | Entered an ossuary
  6182 | D:6      | Reached skill level 9 in Maces & Flails
  6182 | D:6      | Reached XP level 10. HP: 61/61 MP: 10/10
  6408 | D:6      | Found a runed translucent door.
  6409 | D:6      | Noticed Crazy Yiuf
  6474 | D:6      | Killed Crazy Yiuf
  6678 | D:6      | Found a snail-covered altar of Cheibriados.
  6699 | D:6      | Noticed Edmund
  6709 | D:6      | Killed Edmund
  6884 | D:6      | Noticed a skeletal warrior
  6900 | D:6      | Killed a skeletal warrior
  7283 | D:1      | Bought a pair of pitted gloves for 266 gold pieces
  7283 | D:1      | Identified the +0 pair of gloves of the Pink Corner {-Cast
                  | rF+ rN+ Will++} (You bought it in a shop on level 1 of the
                  | Dungeon)
  7763 | D:7      | Reached skill level 10 in Maces & Flails
  7779 | D:7      | Noticed Harold
  7797 | D:7      | Killed Harold
  8745 | D:8      | Reached XP level 11. HP: 66/68 MP: 11/11
  8766 | D:8      | Reached skill level 11 in Maces & Flails
  9637 | D:9      | Found a staircase to the Orcish Mines.
  9964 | D:9      | Found a staircase to the Lair.
 10312 | D:9      | Found a flagged portal.
 10322 | Bailey   | Entered a bailey
 10481 | Bailey   | Noticed an orc knight
 10512 | Bailey   | HP: 2/68 [orc warrior/+0 glaive (17)]
 10517 | Bailey   | Killed an orc knight
 10517 | Bailey   | HP: 3/102 [orc/+0 trident (10)]
 10517 | Bailey   | Demolished by an orc warrior

Illustrated notes

Levels and vault maps discovered:
D:1:      lightli_arrival_boilingwater, layout_basic, serial_shops,
          nicolae_shop_overgrown_old_shop
D:2:      layout_rooms, hellmonk_ecumenical_altar_blasted
D:3:      layout_basic
D:4:      layout_cave_pods, tso_oasis_becter, st_stairs_9,
          hangedman_decor_lopped, minmay_statues_item,
          chequers_serial_rivers_large_a, chequers_serial_rivers_marsh
D:5:      wander_river, layout_loops_corners, minmay_temple_entry_fiery,
          gammafunk_ghost_grave, serial_park_tiny_1, uniq_pikel
D:6:      minmay_chambers_of_sixes, layout_loops_ring, slow_altar_2,
          nicolae_ossuary_entry_ruins, minivault_27, hangedman_decor_slide_cut,
          amcnicky_mini_rare_corridor_liquid, uniq_edmund,
          uniq_crazy_yiuf_cottage
D:7:      layout_rooms, kennysheep_path_1, lemuel_old_faithful, uniq_harold
D:8:      kennysheep_kobold_camp, layout_cave_pods, serial_column_ruins,
          column_ruins_hut, column_ruins_open_medium,
          column_ruins_open_tiny_water, column_ruins_grid_1,
          column_ruins_grid_2, column_ruins_open_tiny, column_ruins_grid_1
D:9:      layout_roguey, erik_lair_orcish_takeover, david_orc_1_choice,
          enter_bailey_2
Bailey:   bailey_polearm_elven_captive_hellmonk, bailey

Skill      XL: |  1  2  3  4  5  6  7  8  9 10 11 |
---------------+----------------------------------+-----
Armour         | 4 5 6 7 8 9 |  9.0
Shields        | 4 5 6 |  6.9
Maces & Flails | 3 4 5 7 9 10 11 | 11.6
Dodging        | 1 2 3 |  3.9
Fighting       | 4 5 6 7 8 |  8.2
Throwing       | 1 |  1.9
Stealth        | 1 2 |  2.0

Action                   |  1- 3 |  4- 6 |  7- 9 | 10-12 || total
-------------------------+-------+-------+-------+-------++-------
Melee: Flail             |   104 |   164 |   353 |    29 ||   650
       Kick              |       |    38 |    96 |   141 ||   275
       Dire flail        |       |       |       |   384 ||   384
Throw: Dart              |       |       |    14 |     6 ||    20
Evoke: Wand              |       |       |       |     1 ||     1
  Use: Potion            |     4 |     3 |     3 |    11 ||    21
       Scroll            |       |     1 |     7 |     1 ||     9
Armor: Scale mail        |    63 |   159 |   123 |   151 ||   496
       Skin              |       |       |       |     4 ||     4
Dodge: Dodged            |    82 |   170 |   150 |   164 ||   566
Block: Buckler           |    27 |    33 |    70 |    10 ||   140
       Other             |       |       |       |    60 ||    60
       Reflection        |       |       |       |     3 ||     3
